Capitals vs Avalanche

Created - February 4, 2016 at 17:23

Goals
1 2 3 T
Capitals 1 5 0 6
Avalanche 1 2 2 5
Shots
1 2 3 T
Capitals 11 12 7 30
Avalanche 15 3 10 28

1st period

1. Capitals , Matt Stajan 3 (David Desharnais, Nate Guenin) at 1:43
2. Avalanche , Markus Granlund 1 (Jesper Fast, Elias Lindholm) at 4:50

Penalties :
Ryan McDonagh (WSH) for Hooking (Minor) at 6:49, Aaron Ekblad (COL) for High sticking (Minor) at 12:55, Tomas Fleischmann (WSH) for Hooking (Minor) at 18:00

2nd period

3. Avalanche , Elias Lindholm 5 (Aaron Ekblad, Mats Zuccarello) at 0:44 (PP)
4. Capitals , Mathieu Perreault 11 (Mike Green, Ryan McDonagh) at 1:12
5. Capitals , Tomas Fleischmann 10 (Taylor Hall) at 1:20
6. Avalanche , Joffrey Lupul 6 (Rickard Rakell, Luke Schenn) at 7:47
7. Capitals , Jiri Tlusty 13 (Taylor Hall, Morgan Rielly) at 10:35
8. Capitals , Taylor Hall 10 (Mathieu Perreault, Jay Harrison) at 17:17
9. Capitals , Jiri Tlusty 14 (Mike Green, James Reimer) at 18:59

Penalties :
Ryan McDonagh (WSH) for Interference (Minor) at 0:36

3rd period

10. Avalanche , Derek Stepan 11 (Chris Tierney) at 13:22
11. Avalanche , Derek Stepan 12 (Kevin Shattenkirk) at 16:46

Penalties :
Joffrey Lupul (COL) for Diving (Minor) at 2:02, Jay Harrison (WSH) for Hooking (Minor) at 10:57

Goalie Stats

James Reimer (WSH), 23 saves from 28 shots - (0.821), W, 2-7-2, 60:00 minutes
Jake Allen (COL), 17 saves from 22 shots - (0.773), 37:17 minutes
Antti Raanta (COL), 7 saves from 8 shots - (0.875), L, 6-12-2, 21:54 minutes

Players Stats for Capitals

Player Name              G  A  P  +/- PIM S  H  SB GA TA FO     MP     PP MP  PK MP  
------------------------------------------------------------------------------------
Alexander Ovechkin       0  0  0   1  0   2  2  0  0  0  1/5    20:33   2:31   1:47 
Bryce Salvador           0  0  0  -2  0   0  1  0  0  0  0/0    16:12   1:48   1:02 
Calvin de Haan           0  0  0   1  0   1  0  0  0  0  0/0     3:28   0:00   0:01 
Cody Eakin               0  0  0   0  0   1  0  0  0  0  0/0     5:08   0:53   0:54 
Curtis Lazar             0  0  0   0  0   0  0  0  0  0  1/3     3:57   0:00   0:00 
David Desharnais         0  1  1  -1  0   1  0  0  0  0  0/0    18:17   0:00   0:34 
Derek Dorsett            0  0  0  -1  0   1  2  0  0  0  1/1    24:31   2:05   3:24 
Jay Harrison             0  1  1   2  2   0  3  0  0  0  0/0    18:34   0:00   0:00 
Jiri Tlusty              2  0  2   2  0   6  1  0  0  0  10/20  17:54   0:08   0:00 
Mathew Dumba             0  0  0   0  0   1  0  0  0  0  0/0     6:08   0:00   0:01 
Mathieu Perreault        1  1  2   1  0   5  0  0  0  0  8/16   14:28   0:00   0:00 
Matt Stajan              1  0  1  -1  0   4  0  0  0  0  18/27  20:26   1:53   0:50 
Mike Green               0  2  2   2  0   0  1  2  0  0  0/0    23:12   2:10   3:02 
Morgan Rielly            0  1  1   2  0   0  1  1  0  0  0/0    17:18   1:48   3:02 
Nate Guenin              0  1  1  -2  0   1  0  2  0  0  0/0    16:24   0:00   3:02 
Ryan McDonagh            0  1  1   2  4   1  2  0  0  0  0/0    22:08   2:10   2:00 
Taylor Hall              1  2  3   2  0   4  1  0  0  0  3/4    24:28   2:31   2:29 
Tomas Fleischmann        1  0  1   2  2   2  1  0  0  0  1/4    20:45   1:53   2:12 

Players Stats for Avalanche

Player Name              G  A  P  +/- PIM S  H  SB GA TA FO     MP     PP MP  PK MP  
------------------------------------------------------------------------------------
Aaron Ekblad             0  1  1   0  2   3  1  0  0  0  0/0    22:08   3:14   0:36 
Anthony Duclair          0  0  0  -1  0   1  0  0  0  0  0/2    10:46   0:00   0:00 
Chris Tierney            0  1  1   1  0   1  1  0  0  0  8/24   16:45   0:00   0:00 
Derek Stepan             2  0  2   1  0   3  0  0  0  0  5/10   22:35   3:29   2:21 
Elias Lindholm           1  1  2   1  0   1  2  0  0  0  1/1    10:41   2:36   0:00 
Evander Kane             0  0  0  -3  0   2  0  0  0  0  1/1    20:11   3:29   2:21 
Jason Zucker             0  0  0   1  0   0  1  0  0  0  0/3    20:14   3:29   0:00 
Jesper Fast              0  1  1   1  0   0  0  0  0  0  1/1     8:05   0:00   0:00 
Joffrey Lupul            1  0  1  -1  2   1  2  0  0  0  0/0    10:45   0:00   0:00 
Kevin Shattenkirk        0  1  1   0  0   4  1  2  0  0  0/0    21:18   3:14   2:14 
Luke Schenn              0  1  1  -1  0   0  3  1  0  0  0/0    16:19   0:00   0:00 
Markus Granlund          1  0  1   1  0   5  1  0  0  0  4/8     8:05   0:00   0:00 
Mats Zuccarello          0  1  1  -3  0   2  2  0  0  0  1/2    19:16   2:36   1:37 
Nick Holden              0  0  0  -1  0   1  2  0  0  0  0/0    16:36   0:00   0:17 
Paul Stastny             0  0  0  -3  0   1  0  0  0  0  11/17  18:34   2:36   1:37 
Rickard Rakell           0  1  1  -1  0   2  0  0  0  0  5/11   10:04   0:00   0:00 
Sami Vatanen             0  0  0  -1  0   0  2  0  0  0  0/0    19:54   2:51   1:44 
Tyson Barrie             0  0  0  -1  0   1  2  2  0  0  0/0    23:44   2:51   3:05 

3 Stars

1 - Taylor Hall (WSH)
2 - Jiri Tlusty (WSH)
3 - Derek Stepan (COL)

Power Play

Capitals - 0 on 2 Attempt(s) - 0.00%
Avalanche - 1 on 4 Attempt(s) - 25.00%

Penalty Kill

Capitals - 3 on 4 Attempt(s) - 75.00% - Score 0 goal in Penalty Kill
Avalanche - 2 on 2 Attempt(s) - 100.00% - Score 0 goal in Penalty Kill

Team Stat

Capitals - Hits : 15 - Faceoff Wins : 43 - Blocked Shots : 5 - Penalty Minutes : 8
Avalanche - Hits : 20 - Faceoff Wins : 37 - Blocked Shots : 5 - Penalty Minutes : 4

Official

Referees : Garrett Rank and Darcy Burchell
Linesman : Lonnie Cameron and Derek Amell

Game Notes

Cody Eakin is injured at 0:35 of 2nd period (Left Leg)
Antti Raanta enters game at 17:17 of 2nd period

Finance

Level 1 -- Attendance: 6500 (100.00%) -- Ticket Income $663,000
Level 2 -- Attendance: 5000 (100.00%) -- Ticket Income $375,000
Level 3 -- Attendance: 3081 (88.03%) -- Ticket Income $169,455
Level 4 -- Attendance: 2007 (100.00%) -- Ticket Income $90,315
Luxury Box -- Attendance: 1000 (100.00%) -- Ticket Income $200,000
Game was played at the Pepsi Center.
Total Attendance: 17588 (97.67%)
Total Ticket Income: $1,497,770
Other Income: $224,666
Total Income: $1,722,436

% Time on Ice - Capitals

Lines # - Real PCT - Wanted PCT - Time Play
Normal Forward
1 - 29% - 33% - 14:28
2 - 27% - 30% - 13:39
3 - 36% - 22% - 17:43
4 - 8% - 15% - 3:57
Normal Defense
1 - 36% - 33% - 18:00
2 - 25% - 26% - 12:28
3 - 27% - 26% - 13:12
4 - 12% - 15% - 6:07
PP Forward
1 - 49% - 60% - 1:57
2 - 51% - 40% - 2:01
PP Defense
1 - 55% - 60% - 2:10
2 - 45% - 40% - 1:48
PK Forward
1 - 71% - 60% - 4:18
2 - 29% - 40% - 1:47
PK Defense
1 - 50% - 60% - 3:03
2 - 50% - 40% - 3:02
PK3 Forward
1 - 0% - 60%
2 - 0% - 40%
PK3 Defense
1 - 0% - 60%
2 - 0% - 40%
44 Forward
1 - 0% - 60%
2 - 0% - 40%
44 Defense
1 - 0% - 60%
2 - 0% - 40%
Last Minute Offensive  - 0:00
Last Minute Defensive  - 0:10
Total
Forward - 60:00
Defense - 60:00

% Time on Ice - Avalanche

Lines # - Real PCT - Wanted PCT - Time Play
Normal Forward
1 - 34% - 35% - 16:45
2 - 29% - 30% - 14:21
3 - 20% - 20% - 10:04
4 - 16% - 15% - 8:05
Normal Defense
1 - 32% - 30% - 15:50
2 - 30% - 30% - 14:37
3 - 33% - 30% - 16:19
4 - 5% - 10% - 2:29
PP Forward
1 - 57% - 50% - 3:29
2 - 43% - 50% - 2:36
PP Defense
1 - 53% - 50% - 3:14
2 - 47% - 50% - 2:51
PK Forward
1 - 59% - 50% - 2:21
2 - 41% - 50% - 1:37
PK Defense
1 - 63% - 50% - 2:31
2 - 37% - 50% - 1:27
PK3 Forward
1 - 0% - 50%
2 - 0% - 50%
PK3 Defense
1 - 0% - 50%
2 - 0% - 50%
44 Forward
1 - 0% - 50%
2 - 0% - 50%
44 Defense
1 - 0% - 50%
2 - 0% - 50%
Last Minute Offensive  - 0:42
Last Minute Defensive  - 0:00
Total
Forward - 60:00
Defense - 60:00

Play by Play

1st period


0:01 of 1st period - Mathieu Perreault wins face-off versus Chris Tierney in neutral zone.
0:58 of 1st period - Shot by Tomas Fleischmann.
0:58 of 1st period - Shot Blocked by Kevin Shattenkirk.
1:33 of 1st period - Shot by Evander Kane.
1:33 of 1st period - Stopped by James Reimer without a rebound.
1:34 of 1st period - Matt Stajan wins face-off versus Paul Stastny in Capitals zone.
1:43 of 1st period - Shot by Matt Stajan.
1:43 of 1st period - Goal by Matt Stajan - Capitals : 1 - Avalanche : 0.
1:44 of 1st period - Matt Stajan wins face-off versus Rickard Rakell in neutral zone.
2:16 of 1st period - Icing by Tyson Barrie.
2:17 of 1st period - Rickard Rakell wins face-off versus Curtis Lazar in Avalanche zone.
2:32 of 1st period - Shot by Joffrey Lupul.
2:32 of 1st period - Shot Misses the Net.
2:34 of 1st period - Shot by Anthony Duclair.
2:34 of 1st period - Shot Misses the Net.
2:36 of 1st period - Shot by Tyson Barrie.
2:36 of 1st period - Stopped by James Reimer without a rebound.
2:37 of 1st period - Paul Stastny wins face-off versus Mathieu Perreault in Capitals zone.
2:52 of 1st period - Shot by Paul Stastny.
2:52 of 1st period - Shot Misses the Net.
3:11 of 1st period - Icing by Taylor Hall.
3:12 of 1st period - Mathieu Perreault wins face-off versus Markus Granlund in Capitals zone.
3:12 of 1st period - Mathieu Perreault is hit by Elias Lindholm.
3:24 of 1st period - Off-side.
3:25 of 1st period - Jiri Tlusty wins face-off versus Anthony Duclair in neutral zone.
3:52 of 1st period - Shot by Rickard Rakell.
3:52 of 1st period - Stopped by James Reimer with a rebound.
3:54 of 1st period - Shot by Aaron Ekblad.
3:54 of 1st period - Stopped by James Reimer with a rebound.
4:26 of 1st period - Shot by Jesper Fast.
4:26 of 1st period - Shot Misses the Net.
4:28 of 1st period - Shot by Nick Holden.
4:28 of 1st period - Stopped by James Reimer with a rebound.
4:32 of 1st period - Shot by Jesper Fast.
4:32 of 1st period - Shot Misses the Net.
4:50 of 1st period - Shot by Markus Granlund.
4:50 of 1st period - Goal by Markus Granlund - Capitals : 1 - Avalanche : 1.
4:51 of 1st period - Paul Stastny wins face-off versus Mathieu Perreault in neutral zone.
4:53 of 1st period - Off-side.
4:54 of 1st period - Paul Stastny wins face-off versus Mathieu Perreault in neutral zone.
5:07 of 1st period - Shot by Mathieu Perreault.
5:07 of 1st period - Shot Blocked by Tyson Barrie.
5:09 of 1st period - Shot by Mathieu Perreault.
5:09 of 1st period - Stopped by Jake Allen with a rebound.
5:11 of 1st period - Shot by Alexander Ovechkin.
5:11 of 1st period - Shot Misses the Net.
5:13 of 1st period - Shot by Mathieu Perreault.
5:13 of 1st period - Stopped by Jake Allen without a rebound.
5:14 of 1st period - Matt Stajan wins face-off versus Chris Tierney in Avalanche zone.
5:27 of 1st period - Shot by Jason Zucker.
5:27 of 1st period - Shot Misses the Net.
5:29 of 1st period - Shot by Derek Stepan.
5:29 of 1st period - Stopped by James Reimer without a rebound.
5:30 of 1st period - Paul Stastny wins face-off versus Curtis Lazar in Capitals zone.
5:53 of 1st period - Shot by Mathew Dumba.
5:53 of 1st period - Stopped by Jake Allen with a rebound.
6:01 of 1st period - Shot by Tomas Fleischmann.
6:01 of 1st period - Stopped by Jake Allen without a rebound.
6:02 of 1st period - Mathieu Perreault wins face-off versus Chris Tierney in Avalanche zone.
6:04 of 1st period - Alexander Ovechkin is hit by Luke Schenn and loses puck.
6:16 of 1st period - Icing by Jason Zucker.
6:17 of 1st period - Matt Stajan wins face-off versus Chris Tierney in Avalanche zone.
6:30 of 1st period - Icing by Ryan McDonagh.
6:31 of 1st period - Mats Zuccarello wins face-off versus Matt Stajan in Capitals zone.
6:31 of 1st period - Sami Vatanen is hit by Ryan McDonagh and loses puck.
6:49 of 1st period - Minor Penalty to Ryan McDonagh for Hooking.
6:50 of 1st period - Derek Stepan wins face-off versus Tomas Fleischmann in Capitals zone.
7:11 of 1st period - Shot by Aaron Ekblad.
7:11 of 1st period - Deflect By Derek Stepan.
7:11 of 1st period - Shot Hit the Post.
7:13 of 1st period - Shot by Derek Stepan.
7:13 of 1st period - Shot Blocked by Nate Guenin.
10:03 of 1st period - Luke Schenn is hit by Alexander Ovechkin and loses puck.
10:28 of 1st period - Shot by Derek Dorsett.
10:28 of 1st period - Stopped by Jake Allen with a rebound.
10:32 of 1st period - Shot by David Desharnais.
10:32 of 1st period - Shot Misses the Net.
10:34 of 1st period - Shot by Jay Harrison.
10:34 of 1st period - Shot Misses the Net.
10:36 of 1st period - Shot by David Desharnais.
10:36 of 1st period - Shot Misses the Net.
10:38 of 1st period - Shot by Matt Stajan.
10:38 of 1st period - Shot Misses the Net.
10:40 of 1st period - Shot by Derek Dorsett.
10:40 of 1st period - Shot Misses the Net.
10:42 of 1st period - Shot by Matt Stajan.
10:42 of 1st period - Stopped by Jake Allen with a rebound.
10:49 of 1st period - Icing by Nick Holden.
10:50 of 1st period - Jiri Tlusty wins face-off versus Rickard Rakell in Avalanche zone.
10:53 of 1st period - Shot by Cody Eakin.
10:53 of 1st period - Stopped by Jake Allen without a rebound.
10:54 of 1st period - Jiri Tlusty wins face-off versus Chris Tierney in Avalanche zone.
11:07 of 1st period - Shot by Cody Eakin.
11:07 of 1st period - Shot Blocked by Tyson Barrie.
11:14 of 1st period - Icing by Tyson Barrie.
11:15 of 1st period - Mathieu Perreault wins face-off versus Chris Tierney in Avalanche zone.
11:24 of 1st period - Shot by Alexander Ovechkin.
11:24 of 1st period - Stopped by Jake Allen without a rebound.
11:25 of 1st period - Evander Kane wins face-off versus Matt Stajan in Avalanche zone.
11:30 of 1st period - Shot by Mats Zuccarello.
11:30 of 1st period - Stopped by James Reimer with a rebound.
11:32 of 1st period - Shot by Kevin Shattenkirk.
11:32 of 1st period - Stopped by James Reimer with a rebound.
12:30 of 1st period - Shot by Chris Tierney.
12:30 of 1st period - Stopped by James Reimer without a rebound.
12:31 of 1st period - Jesper Fast wins face-off versus Jiri Tlusty in Capitals zone.
12:50 of 1st period - Shot by Markus Granlund.
12:50 of 1st period - Stopped by James Reimer without a rebound.
12:51 of 1st period - Mathieu Perreault wins face-off versus Chris Tierney in Capitals zone.
12:55 of 1st period - Minor Penalty to Aaron Ekblad for High sticking.
12:56 of 1st period - Derek Stepan wins face-off versus Alexander Ovechkin in Avalanche zone.
13:11 of 1st period - Shot by Taylor Hall.
13:11 of 1st period - Stopped by Jake Allen with a rebound.
13:13 of 1st period - Shot by Ryan McDonagh.
13:13 of 1st period - Stopped by Jake Allen without a rebound.
13:14 of 1st period - Derek Stepan wins face-off versus Matt Stajan in Avalanche zone.
13:34 of 1st period - Icing by Ryan McDonagh.
13:35 of 1st period - Matt Stajan wins face-off versus Derek Stepan in Capitals zone.
13:40 of 1st period - Shot by Ryan McDonagh.
13:40 of 1st period - Shot Misses the Net.
14:27 of 1st period - Icing by Bryce Salvador.
14:28 of 1st period - Derek Stepan wins face-off versus Alexander Ovechkin in Capitals zone.
15:16 of 1st period - Shot by Markus Granlund.
15:16 of 1st period - Stopped by James Reimer without a rebound.
15:17 of 1st period - Taylor Hall wins face-off versus Rickard Rakell in Capitals zone.
15:38 of 1st period - Ryan McDonagh is hit by Joffrey Lupul and loses puck.
15:49 of 1st period - Shot by Anthony Duclair.
15:49 of 1st period - Shot Misses the Net.
16:00 of 1st period - Icing by Mike Green.
16:01 of 1st period - Chris Tierney wins face-off versus Mathieu Perreault in Capitals zone.
16:20 of 1st period - Shot by Derek Stepan.
16:20 of 1st period - Shot Misses the Net.
17:08 of 1st period - Shot by Mats Zuccarello.
17:08 of 1st period - Stopped by James Reimer without a rebound.
17:09 of 1st period - Markus Granlund wins face-off versus Matt Stajan in Capitals zone.
17:18 of 1st period - Shot by Matt Stajan.
17:18 of 1st period - Deflect By David Desharnais.
17:18 of 1st period - Shot Blocked by Luke Schenn.
17:57 of 1st period - Icing by Elias Lindholm.
17:58 of 1st period - Jiri Tlusty wins face-off versus Markus Granlund in Avalanche zone.
18:00 of 1st period - Minor Penalty to Tomas Fleischmann for Hooking.
18:01 of 1st period - Derek Dorsett wins face-off versus Derek Stepan in Capitals zone.
18:58 of 1st period - Shot by Kevin Shattenkirk.
18:58 of 1st period - Stopped by James Reimer without a rebound.
18:59 of 1st period - Taylor Hall wins face-off versus Paul Stastny in Capitals zone.
18:59 of 1st period - Taylor Hall is hit by Mats Zuccarello.
19:40 of 1st period - Shot by Kevin Shattenkirk.
19:40 of 1st period - Deflect By Paul Stastny.
19:40 of 1st period - Stopped by James Reimer without a rebound.
19:41 of 1st period - Matt Stajan wins face-off versus Derek Stepan in Capitals zone.
Goals for this period are 1 for Capitals vs 1 for Avalanche.
Shots for this period are 11 for Capitals vs 15 for Avalanche.

2nd period


0:01 of 2nd period - Jiri Tlusty wins face-off versus Chris Tierney in neutral zone.
0:21 of 2nd period - Derek Stepan is hit by Jay Harrison.
0:27 of 2nd period - Jason Zucker is hit by Jiri Tlusty and loses puck.
0:34 of 2nd period - Cody Eakin is hit by Chris Tierney and loses puck.
0:35 of 2nd period - Cody Eakin from Capitals is injured at 0:35 of 2nd period (Left Leg).
0:36 of 2nd period - Paul Stastny wins face-off versus Alexander Ovechkin in Capitals zone.
0:36 of 2nd period - Minor Penalty to Ryan McDonagh for Interference.
0:37 of 2nd period - Paul Stastny wins face-off versus Tomas Fleischmann in Capitals zone.
0:44 of 2nd period - Shot by Elias Lindholm.
0:44 of 2nd period - Goal by Elias Lindholm - Capitals : 1 - Avalanche : 2.
0:45 of 2nd period - Mathieu Perreault wins face-off versus Paul Stastny in neutral zone.
1:12 of 2nd period - Shot by Mathieu Perreault.
1:12 of 2nd period - Goal by Mathieu Perreault - Capitals : 2 - Avalanche : 2.
1:13 of 2nd period - Chris Tierney wins face-off versus Jiri Tlusty in neutral zone.
1:20 of 2nd period - Shot by Tomas Fleischmann.
1:20 of 2nd period - Goal by Tomas Fleischmann - Capitals : 3 - Avalanche : 2.
1:21 of 2nd period - Jiri Tlusty wins face-off versus Jason Zucker in neutral zone.
1:25 of 2nd period - Taylor Hall is hit by Tyson Barrie.
1:35 of 2nd period - Shot by Tomas Fleischmann.
1:35 of 2nd period - Deflect By Jiri Tlusty.
1:35 of 2nd period - Stopped by Jake Allen without a rebound.
1:36 of 2nd period - Matt Stajan wins face-off versus Mats Zuccarello in Avalanche zone.
1:47 of 2nd period - Kevin Shattenkirk is hit by Derek Dorsett and loses puck.
2:03 of 2nd period - Mike Green is hit by Mats Zuccarello.
2:31 of 2nd period - Evander Kane is hit by Mike Green and loses puck.
4:27 of 2nd period - Shot by Alexander Ovechkin.
4:27 of 2nd period - Stopped by Jake Allen without a rebound.
4:28 of 2nd period - Rickard Rakell wins face-off versus Jiri Tlusty in Avalanche zone.
4:28 of 2nd period - Kevin Shattenkirk is hit by Taylor Hall and loses puck.
4:47 of 2nd period - Tomas Fleischmann is hit by Kevin Shattenkirk and loses puck.
4:54 of 2nd period - Shot by Taylor Hall.
4:54 of 2nd period - Shot Misses the Net.
5:14 of 2nd period - Icing by Tomas Fleischmann.
5:15 of 2nd period - Paul Stastny wins face-off versus Jiri Tlusty in Capitals zone.
5:48 of 2nd period - Tyson Barrie is hit by Tomas Fleischmann and loses puck.
7:02 of 2nd period - Icing by Mike Green.
7:03 of 2nd period - Markus Granlund wins face-off versus Mathieu Perreault in Capitals zone.
7:03 of 2nd period - Kevin Shattenkirk is hit by Ryan McDonagh and loses puck.
7:16 of 2nd period - Shot by Calvin de Haan.
7:16 of 2nd period - Stopped by Jake Allen with a rebound.
7:18 of 2nd period - Shot by Ryan McDonagh.
7:18 of 2nd period - Shot Misses the Net.
7:20 of 2nd period - Shot by Mike Green.
7:20 of 2nd period - Shot Misses the Net.
7:32 of 2nd period - Shot by Mathieu Perreault.
7:32 of 2nd period - Stopped by Jake Allen without a rebound.
7:33 of 2nd period - Rickard Rakell wins face-off versus Matt Stajan in Avalanche zone.
7:47 of 2nd period - Shot by Joffrey Lupul.
7:47 of 2nd period - Goal by Joffrey Lupul - Capitals : 3 - Avalanche : 3.
7:48 of 2nd period - Chris Tierney wins face-off versus Mathieu Perreault in neutral zone.
8:47 of 2nd period - Shot by Derek Dorsett.
8:47 of 2nd period - Deflect By David Desharnais.
8:47 of 2nd period - Shot Blocked by Kevin Shattenkirk.
9:12 of 2nd period - Shot by Mats Zuccarello.
9:12 of 2nd period - Shot Misses the Net.
10:00 of 2nd period - Bryce Salvador is hit by Elias Lindholm and loses puck.
10:09 of 2nd period - Shot by Markus Granlund.
10:09 of 2nd period - Stopped by James Reimer without a rebound.
10:10 of 2nd period - Jiri Tlusty wins face-off versus Rickard Rakell in Capitals zone.
10:21 of 2nd period - Shot by Tomas Fleischmann.
10:21 of 2nd period - Deflect By Jiri Tlusty.
10:21 of 2nd period - Stopped by Jake Allen with a rebound.
10:23 of 2nd period - Shot by Jiri Tlusty.
10:23 of 2nd period - Shot Misses the Net.
10:35 of 2nd period - Shot by Jiri Tlusty.
10:35 of 2nd period - Goal by Jiri Tlusty - Capitals : 4 - Avalanche : 3.
10:36 of 2nd period - Markus Granlund wins face-off versus Mathieu Perreault in neutral zone.
11:23 of 2nd period - Icing by Ryan McDonagh.
11:24 of 2nd period - Mathieu Perreault wins face-off versus Jason Zucker in Capitals zone.
12:01 of 2nd period - Icing by Sami Vatanen.
12:02 of 2nd period - Jiri Tlusty wins face-off versus Chris Tierney in Avalanche zone.
12:14 of 2nd period - Chris Tierney is hit by Jay Harrison.
12:33 of 2nd period - Morgan Rielly is hit by Nick Holden and loses puck.
14:32 of 2nd period - Icing by Mike Green.
14:33 of 2nd period - Matt Stajan wins face-off versus Chris Tierney in Capitals zone.
14:44 of 2nd period - Shot by Matt Stajan.
14:44 of 2nd period - Stopped by Jake Allen without a rebound.
14:45 of 2nd period - Paul Stastny wins face-off versus Jiri Tlusty in Avalanche zone.
15:02 of 2nd period - Shot by Jiri Tlusty.
15:02 of 2nd period - Stopped by Jake Allen without a rebound.
15:03 of 2nd period - Matt Stajan wins face-off versus Chris Tierney in Avalanche zone.
15:05 of 2nd period - David Desharnais is hit by Sami Vatanen and loses puck.
15:42 of 2nd period - Derek Stepan is hit by Derek Dorsett and loses puck.
15:59 of 2nd period - Tomas Fleischmann is hit by Jason Zucker and loses puck.
17:17 of 2nd period - Shot by Taylor Hall.
17:17 of 2nd period - Goal by Taylor Hall - Capitals : 5 - Avalanche : 3.
17:17 of 2nd period - Antti Raanta enters game.
17:18 of 2nd period - Matt Stajan wins face-off versus Markus Granlund in neutral zone.
17:36 of 2nd period - David Desharnais is hit by Aaron Ekblad.
17:50 of 2nd period - Off-side.
17:51 of 2nd period - Paul Stastny wins face-off versus Taylor Hall in neutral zone.
18:25 of 2nd period - Shot by Paul Stastny.
18:25 of 2nd period - Shot Misses the Net.
18:59 of 2nd period - Shot by Jiri Tlusty.
18:59 of 2nd period - Goal by Jiri Tlusty - Capitals : 6 - Avalanche : 3.
19:00 of 2nd period - Rickard Rakell wins face-off versus Matt Stajan in neutral zone.
Goals for this period are 5 for Capitals vs 2 for Avalanche.
Shots for this period are 12 for Capitals vs 3 for Avalanche.

3rd period


0:01 of 3rd period - Jiri Tlusty wins face-off versus Jason Zucker in neutral zone.
0:25 of 3rd period - Shot by Derek Stepan.
0:25 of 3rd period - Shot Misses the Net.
0:39 of 3rd period - Icing by Derek Stepan.
0:40 of 3rd period - Matt Stajan wins face-off versus Chris Tierney in Avalanche zone.
0:40 of 3rd period - Matt Stajan is hit by Tyson Barrie.
1:34 of 3rd period - Shot by Alexander Ovechkin.
1:34 of 3rd period - Shot Misses the Net.
1:36 of 3rd period - Shot by Nate Guenin.
1:36 of 3rd period - Stopped by Antti Raanta without a rebound.
1:37 of 3rd period - Jiri Tlusty wins face-off versus Markus Granlund in Avalanche zone.
2:00 of 3rd period - Shot by Jesper Fast.
2:00 of 3rd period - Deflect By Markus Granlund.
2:00 of 3rd period - Stopped by James Reimer without a rebound.
2:01 of 3rd period - Taylor Hall wins face-off versus Rickard Rakell in Capitals zone.
2:01 of 3rd period - Taylor Hall is hit by Joffrey Lupul.
2:02 of 3rd period - Minor Penalty to Joffrey Lupul for Diving.
2:03 of 3rd period - Alexander Ovechkin wins face-off versus Paul Stastny in Avalanche zone.
2:06 of 3rd period - Shot by Taylor Hall.
2:06 of 3rd period - Stopped by Antti Raanta without a rebound.
2:07 of 3rd period - Paul Stastny wins face-off versus Alexander Ovechkin in Avalanche zone.
2:07 of 3rd period - Paul Stastny is hit by Alexander Ovechkin.
3:17 of 3rd period - Shot by Tomas Fleischmann.
3:17 of 3rd period - Shot Misses the Net.
3:19 of 3rd period - Shot by Matt Stajan.
3:19 of 3rd period - Stopped by Antti Raanta without a rebound.
3:20 of 3rd period - Matt Stajan wins face-off versus Derek Stepan in Avalanche zone.
4:17 of 3rd period - Mathew Dumba is hit by Markus Granlund and loses puck.
4:35 of 3rd period - Icing by Jay Harrison.
4:36 of 3rd period - Rickard Rakell wins face-off versus Jiri Tlusty in Capitals zone.
4:45 of 3rd period - Shot by Jiri Tlusty.
4:45 of 3rd period - Stopped by Antti Raanta with a rebound.
5:01 of 3rd period - Shot by Joffrey Lupul.
5:01 of 3rd period - Shot Blocked by Mike Green.
5:03 of 3rd period - Shot by Kevin Shattenkirk.
5:03 of 3rd period - Stopped by James Reimer without a rebound.
5:04 of 3rd period - Curtis Lazar wins face-off versus Chris Tierney in Capitals zone.
6:11 of 3rd period - Paul Stastny is hit by Bryce Salvador and loses puck.
6:41 of 3rd period - Shot by Mathieu Perreault.
6:41 of 3rd period - Stopped by Antti Raanta with a rebound.
6:43 of 3rd period - Shot by Taylor Hall.
6:43 of 3rd period - Stopped by Antti Raanta with a rebound.
7:10 of 3rd period - Derek Dorsett is hit by Nick Holden and loses puck.
7:18 of 3rd period - Matt Stajan is hit by Luke Schenn and loses puck.
7:25 of 3rd period - Shot by David Desharnais.
7:25 of 3rd period - Stopped by Antti Raanta without a rebound.
7:26 of 3rd period - Chris Tierney wins face-off versus Jiri Tlusty in Avalanche zone.
7:37 of 3rd period - Shot by Derek Stepan.
7:37 of 3rd period - Shot Blocked by Mike Green.
7:41 of 3rd period - Shot by Derek Stepan.
7:41 of 3rd period - Shot Misses the Net.
7:43 of 3rd period - Shot by Aaron Ekblad.
7:43 of 3rd period - Stopped by James Reimer without a rebound.
7:44 of 3rd period - Mathieu Perreault wins face-off versus Rickard Rakell in Capitals zone.
8:45 of 3rd period - Icing by Mike Green.
8:46 of 3rd period - Matt Stajan wins face-off versus Chris Tierney in Capitals zone.
8:50 of 3rd period - Icing by Ryan McDonagh.
8:51 of 3rd period - Matt Stajan wins face-off versus Chris Tierney in Capitals zone.
9:41 of 3rd period - Icing by Mike Green.
9:42 of 3rd period - Matt Stajan wins face-off versus Paul Stastny in Capitals zone.
10:36 of 3rd period - Icing by Jiri Tlusty.
10:37 of 3rd period - Markus Granlund wins face-off versus Jiri Tlusty in Capitals zone.
10:43 of 3rd period - Elias Lindholm is hit by Jay Harrison and loses puck.
10:50 of 3rd period - Shot by Jesper Fast.
10:50 of 3rd period - Shot Misses the Net.
10:57 of 3rd period - Minor Penalty to Jay Harrison for Hooking.
10:58 of 3rd period - Matt Stajan wins face-off versus Derek Stepan in Capitals zone.
11:04 of 3rd period - Icing by Aaron Ekblad.
11:05 of 3rd period - Derek Stepan wins face-off versus Tomas Fleischmann in Avalanche zone.
11:28 of 3rd period - Evander Kane is hit by Morgan Rielly and loses puck.
11:35 of 3rd period - Shot by Kevin Shattenkirk.
11:35 of 3rd period - Shot Blocked by Morgan Rielly.
11:37 of 3rd period - Shot by Aaron Ekblad.
11:37 of 3rd period - Stopped by James Reimer with a rebound.
11:39 of 3rd period - Shot by Kevin Shattenkirk.
11:39 of 3rd period - Shot Blocked by Nate Guenin.
11:41 of 3rd period - Shot by Kevin Shattenkirk.
11:41 of 3rd period - Stopped by James Reimer without a rebound.
11:42 of 3rd period - Tomas Fleischmann wins face-off versus Paul Stastny in Capitals zone.
13:12 of 3rd period - Shot by Anthony Duclair.
13:12 of 3rd period - Shot Misses the Net.
13:18 of 3rd period - Shot by Anthony Duclair.
13:18 of 3rd period - Stopped by James Reimer with a rebound.
13:20 of 3rd period - Shot by Rickard Rakell.
13:20 of 3rd period - Stopped by James Reimer without a rebound.
13:21 of 3rd period - Chris Tierney wins face-off versus Jiri Tlusty in Capitals zone.
13:22 of 3rd period - Shot by Derek Stepan.
13:22 of 3rd period - Goal by Derek Stepan - Capitals : 6 - Avalanche : 4.
13:23 of 3rd period - Chris Tierney wins face-off versus Matt Stajan in neutral zone.
13:41 of 3rd period - Icing by Aaron Ekblad.
13:42 of 3rd period - Chris Tierney wins face-off versus Mathieu Perreault in Avalanche zone.
14:33 of 3rd period - Shot by Mats Zuccarello.
14:33 of 3rd period - Deflect By Evander Kane.
14:33 of 3rd period - Stopped by James Reimer without a rebound.
14:34 of 3rd period - Elias Lindholm wins face-off versus Jiri Tlusty in Capitals zone.
14:43 of 3rd period - Tomas Fleischmann is hit by Luke Schenn and loses puck.
16:46 of 3rd period - Shot by Derek Stepan.
16:46 of 3rd period - Goal by Derek Stepan - Capitals : 6 - Avalanche : 5.
16:47 of 3rd period - Matt Stajan wins face-off versus Chris Tierney in neutral zone.
17:31 of 3rd period - Icing by Alexander Ovechkin.
17:32 of 3rd period - Matt Stajan wins face-off versus Anthony Duclair in Capitals zone.
17:34 of 3rd period - Icing by Alexander Ovechkin.
17:35 of 3rd period - Paul Stastny wins face-off versus Matt Stajan in Capitals zone.
18:28 of 3rd period - Off-side.
18:29 of 3rd period - Chris Tierney wins face-off versus Matt Stajan in neutral zone.
19:11 of 3rd period - Avalanche, Antti Raanta is pulled from the net.
19:32 of 3rd period - Shot by Mats Zuccarello.
19:32 of 3rd period - Shot Misses the Net.
19:44 of 3rd period - Ryan McDonagh is hit by Sami Vatanen and loses puck.
Goals for this period are 0 for Capitals vs 2 for Avalanche.
Shots for this period are 7 for Capitals vs 10 for Avalanche.